[Event "*** Titled Tuesday Blitz"]
[Site "Chess.com"]
[Date "2020.03.03"]
[Round "5"]
[White "riconaipe"]
[Black "francyIM"]
[Result "1/2-1/2"]
[WhiteElo "2556"]
[BlackElo "2702"]
[TimeControl "180+1"]
[EndTime "13:54:00 PST"]
[Termination "Game drawn by repetition"]

1. d4 Nf6 2. c4 e6 3. Nc3 Bb4 4.
e3 O-O 5. Ne2 d5 6. a3 Bd6 7. Ng3 dxc4 8. Bxc4 e5 9. O-O Nc6 10.
d5 Ne7 11. e4 a6 12. Bg5 Ng6 13. Nf5 h6 14. Bxf6 Qxf6 15. Qg4 Nf4 16. Ne2 h5 17. Qf3 g6 18. Nxd6 Nh3+ 19. Kh1 Qxf3 20. gxf3 cxd6 21. Kg2 Ng5 22. Rfc1 h4 23. Ng1 h3+ 24.
Kf1 f5 25. exf5 Bxf5 26. Ke2 Rae8 27. Rc3 b5 28. Bb3 Kg7 29. Rac1 Kh6 30. Bc2 Bxc2 31. R1xc2 Rf6 32. Re3 Rb8 33. Rc6 b4 34. axb4 Rxb4 35.
b3 a5 36. Ra6 Rb5 37. Rd3 Kg7 38. Ra7+ Rf7 39. Ra6 Rd7 40. Kd2 Kf6 41. Ne2 Ke7 42.
Ng3 Rdb7 43. Ne4 Nxe4+ 44. fxe4 Rxb3 45. Rxb3 Rxb3 46. Rxa5 Rb4 47. Ke3 Rb3+ 48. Ke2 Rb2+ 49. Kf3 Rb3+ 50. Kg4 Rb2 51. Kg3 g5 52. Ra7+ Kf6 53.
Rd7 g4 54. Kxg4 Rxf2 55. Rxd6+ Kf7 56. Kxh3 Rf3+ 57. Kg4 Rf4+ 58. Kg5 Rxe4 59. Kf5 Rh4 60.
Rd7+ Ke8 61. Ra7 Rxh2 62. d6 Rh6 63. Kxe5 Rh1 64. Ra8+ Kd7 65. Ra7+ Kd8 66. Ra8+ Kd7 67. Ra7+ Kd8 68. Rg7 Re1+ 69. Kd5 Rd1+ 70. Ke6 Re1+ 71. Kf6 Rd1 72. Ke5 Re1+ 73. Kd4 Rd1+ 74. Kc5 Rc1+ 75.
Kb6 Rd1 76. Kc6 Rc1+ 77. Kb5 Rd1 78. Rg8+ Kd7 79. Kc5 Rc1+ 80. Kd5 Rd1+ 81. Ke5 Re1+ 82. Kf5 Rf1+ 83. Ke5 Re1+ 84. Kf4 Rf1+ 85. Ke5 Re1+ 1/2-1/2

[Event "*** Titled Tuesday Blitz"]
[Site "Chess.com"]
[Date "2020.03.03"]
[Round "5"]
[White "x-3738459472"]
[Black "kleinebeer98"]
[Result "0-1"]
[WhiteElo "2543"]
[BlackElo "2707"]
[TimeControl "180+1"]
[EndTime "13:54:01 PST"]
[Termination "kleinebeer98 won by resignation"]

1. d4 e6 2. Bf4 c5 3. e3 Qb6 4. Nc3 cxd4 5. exd4 Nc6 6. Nf3 a6 7. Rb1 Nf6 8. a3 Qa5 9. Bd3 Nd5 10. Bd2 Nxc3 11.
Bxc3 Qh5 12. O-O d5 13. Bd2 Bd6 14. c3 O-O 15. h3 Bd7 16. Qe2 f5 17. Rfe1 Rae8 18.
b4 b5 19. a4 Na7 20. Ne5 Qxe2 21. Rxe2 Bxe5 22. Rxe5 Kf7 23. axb5 Bxb5 24. Bf1 Rc8 25. Ree1 Bxf1 26. Kxf1 Nb5 27. Ra1 Rc6 28. Ra5 Nd6 29. Rea1 Nc4 30. R5a2 Nxd2+ 31. Rxd2 Rfc8 32. g4 Kf6 33. gxf5 Kxf5 34. Re2 Rxc3 35. Re5+ Kf6 36. Rxa6 R8c6 37.
Ra8 Rxh3 38. b5 Rb6 39. Rf8+ Ke7 40. Ra8 Rb3 41. Ra7+ Kf6 42. Rh5 h6 43. Rh4 R3xb5 44. Rf4+ Kg5 45. Rf3 g6 46. Rg3+ Kf6 47. Rf3+ Kg5 48.
Rg3+ Kh5 49. Rg7 g5 50. Kg2 Rb3 51. f3 Rb2+ 52. Kh3 Rf2 53. f4 Rxf4 54. Ra7 Rh4+ 55.
Kg2 Rb2+ 56. Kf3 Rb3+ 57. Kg2 Rxg3+ 58. Kxg3 Rxd4 59. Re7 Re4 60. Kf3 Kg6 61. Kf2 h5 62. Re8 h4 63. Rg8+ Kf5 64. Kf3 Rf4+ 65. Kg2 Ra4 66.
Rf8+ Kg4 67. Rb8 Ra2+ 68. Kh1 e5 69. Rb4+ e4 70. Rb5 e3 71. Rxd5 e2 72. Re5 Ra1+ 73.
Kh2 e1=Q 74. Re4+ Kf3 75. Rf4+ Kxf4 0-1

[Event "*** Titled Tuesday Blitz"]
[Site "Chess.com"]
[Date "2020.03.03"]
[Round "5"]
[White "Hrant_ChessMood"]
[Black "Bryakin_Mikhail"]
[Result "1-0"]
[WhiteElo "2941"]
[BlackElo "2673"]
[TimeControl "180+1"]
[EndTime "13:54:18 PST"]
[Termination "Hrant_ChessMood won by checkmate"]

1. d4 e6 2. c4 f5 3. Nf3 Nf6 4. Bf4 d5 5. e3 c6 6. Nbd2 Be7 7. Ne5 Nbd7 8. Be2 Nxe5 9. Bxe5 O-O 10. O-O Ne4 11. a3 b6 12. Rc1 Bb7 13. Nxe4 dxe4 14. c5 b5 15. b4 Bf6 16. Bd6 Be7 17. Qb3 Kf7 18. Bxe7 Kxe7 19. f3 Qd5 20. Qc3 g6 21.
a4 a6 22. Ra1 h5 23. Bd1 exf3 24. Bxf3 Qd7 25. axb5 axb5 26. d5 exd5 27. Rxa8 Bxa8 28. Qg7+ Rf7 29. Qxg6 Qe6 30. Qxe6+ Kxe6 31. Ra1 Bb7 32. Bxh5 Rh7 33. Bf3 Bc8 34. g3 Ke5 35. h4 Be6 36. Kf2 Rc7 37. Ra6 d4 38. Rxc6 Re7 39.
Rd6 dxe3+ 40. Kxe3 Ra7 41. Rd3 Bc4 42. Rd2 Ra4 43. c6 Ra3+ 44. Kf2 Rc3 45. h5 f4 46. g4 Kf6 47. h6 Bg8 48. Rd6+ Ke5 49. Rd8 Rc2+ 50. Ke1 Bh7 51. Rd7 Bg6 52. h7 Bxh7 53. Rxh7 Kd4 54. Re7 Rc1+ 55. Kf2 Rc2+ 56. Re2 Rc5 57.
Re4+ Kd3 58. Rxf4 Rc2+ 59. Kg3 Rc3 60. Rf5 Rc1 61. Rc5 Rg1+ 62. Kf4 Rb1 63. c7 Rxb4+ 64. Ke5 Rc4 65. Rxc4 bxc4 66. c8=Q c3 67. Be4+ Kd2 68. Kd4 Ke2 69. Qxc3 Kf2 70. Qf3+ Ke1 71. Qg2 Kd1 72. Qf2 Kc1 73. Qc2# 1-0

[Event "*** Titled Tuesday Blitz"]
[Site "Chess.com"]
[Date "2020.03.03"]
[Round "5"]
[White "josmito10"]
[Black "AminMolaei"]
[Result "1/2-1/2"]
[WhiteElo "2821"]
[BlackElo "2528"]
[TimeControl "180+1"]
[EndTime "13:54:28 PST"]
[Termination "Game drawn - insufficient material"]

1. d4 Nf6 2. c4 e6 3. g3 d5 4. Nf3 dxc4 5. Bg2 c5 6. O-O Nc6 7. Ne5 Nxe5 8. dxe5 Qxd1 9. Rxd1 Nd5 10. Na3 Bd7 11.
Nxc4 O-O-O 12. Bg5 f6 13. exf6 gxf6 14. Bh4 Bb5 15.
Rdc1 Be7 16. a3 Kb8 17. e4 Nc7 18. e5 Rhf8 19. exf6 Bxf6 20. Bxf6 Rxf6 21. b4 cxb4 22. axb4 Bxc4 23. Rxc4 Rd2 24. f4 a6 25. Rac1 Rf7 26. R1c2 Rd1+ 27. Kf2 e5 28. Bf3 Rd3 29. Be4 Rb3 30. f5 Nb5 31. g4 Rf8 32. Bd5 h5 33.
Be6 Nd6 34. g5 Nxc4 35. Rxc4 b5 36. Re4 Rb2+ 37. Kg3 Rb1 38. g6 Rg1+ 39. Kh4 Kc7 40. Rxe5 Kd6 41. Rd5+ Ke7 42. Rd7+ Kf6 43. Ra7 Rg4+ 44.
Kxh5 Rg2 45. h4 Rh8+ 46. Rh7 Rxh7+ 47. gxh7 Kg7 48. Bg8 Rf2 49. Kg5 Rg2+ 50. Kf4 Rf2+ 51.
Ke5 Re2+ 52. Kd6 Rf2 53. Ke6 Re2+ 54. Kd7 Rf2 55. Be6 Kxh7 56. Ke7 Kg7 57. h5 Rf4 58. Bc8 Rxb4 59. f6+ Kh6 60. f7 Rf4 61. f8=Q+ Rxf8 62. Kxf8 Kxh5 63. Bxa6 b4 64. Bc4 b3 65. Bxb3 1/2-1/2

[Event "*** Titled Tuesday Blitz"]
[Site "Chess.com"]
[Date "2020.03.03"]
[Round "5"]
[White "Man-Chuk"]
[Black "nonscitis"]
[Result "1/2-1/2"]
[WhiteElo "2785"]
[BlackElo "2596"]
[TimeControl "180+1"]
[EndTime "13:54:43 PST"]
[Termination "Game drawn by repetition"]

1. e4 c5 2. Nf3 Nc6 3. Bb5 e6 4. O-O Nge7 5. c3 a6 6. Ba4 d5 7. exd5 Nxd5 8. d4 b5 9. Bc2 Be7 10. dxc5 Bxc5 11. Nbd2 O-O 12. Ne4 Be7 13. Qd3 f5 14.
Ng3 Bf6 15. Nh5 Ne5 16. Nxf6+ Qxf6 17. Nxe5 Qxe5 18. Bg5 Bb7 19. Rfe1 Qd6 20. Rad1 h6 21. Bc1 Qc6 22. Qg3 Kh7 23. h4 Nf6 24. Rd6 Qc7 25.
Rexe6 Be4 26. Bxe4 fxe4 27. h5 Qf7 28. Qh3 Qxh5 29.
Qxh5 Nxh5 30. Bxh6 Rf6 31. Be3 a5 32. Rxf6 Nxf6 33. Bd4 Kg6 34. Rb6 b4 35. c4 Rd8 36.
Bxf6 gxf6 37. Rb5 Rd2 38. Rxa5 Rxb2 39. g4 Rc2 40. c5 Rb2 41. c6 Rc2 42. Rb5 Rxc6 43.
Rxb4 Rc2 44. a4 e3 45. fxe3 Kg5 46. Kf1 Ra2 47. Ke1 Kh4 48. Kd1 Kg3 49. Kc1 Kf3 50.
Kb1 Rd2 51. Rf4+ Kxe3 52. Rxf6 Rd4 53. a5 Rxg4 54. Kb2 Kd4 55. Rc6 Kd5 56. Rc3 Rg2+ 57. Kb3 Rg7 58. Kb4 Rb7+ 59. Ka4 Kd6 60. Rc8 Rc7 61.
Rd8+ Kc6 62. a6 Kb6 63. Ra8 Ra7 64. Rh8 Rxa6+ 65. Kb4 Ka7 66. Rh7+ Ka8 67. Kb5 Rd6 68. Kc5 Ra6 69. Kb5 Rd6 70. Rc7 Kb8 71. Rc6 Rd5+ 72.
Kb6 Rd7 73. Rh6 Rb7+ 74. Ka6 Ra7+ 75. Kb6 Rb7+ 76. Kc6 Rc7+ 77. Kb6 Rb7+ 1/2-1/2

[Event "*** Titled Tuesday Blitz"]
[Site "Chess.com"]
[Date "2020.03.03"]
[Round "6"]
[White "elohunter1999"]
[Black "2165149677570"]
[Result "1-0"]
[WhiteElo "2442"]
[BlackElo "2242"]
[TimeControl "180+1"]
[EndTime "13:57:03 PST"]
[Termination "elohunter1999 won by resignation"]

1. e4 c5 2. Nf3 Nc6 3. d4 cxd4 4. Nxd4 Nf6 5. Nc3 e6 6. Nxc6 bxc6 7. e5 Nd5 8. Ne4 Qc7 9. f4 Qb6 10. c4 Bb4+ 11.
Ke2 f5 12. exf6 Nxf6 13. Be3 Qa6 14. Nxf6+ gxf6 15. Kf2 Qa5 16. a3 Be7 17. b4 Qf5 18.
Bd3 1-0

[Event "*** Titled Tuesday Blitz"]
[Site "Chess.com"]
[Date "2020.03.03"]
[Round "6"]
[White "szefru"]
[Black "renehp"]
[Result "0-1"]
[WhiteElo "2157"]
[BlackElo "2316"]
[TimeControl "180+1"]
[EndTime "13:57:18 PST"]
[Termination "renehp won by resignation"]

1. b3 e5 2. Bb2 Nc6 3. e3 Bd6 4.
Ne2 Nf6 5. f4 exf4 6. Nxf4 Bxf4 7. exf4 O-O 8. Be2 d5 9. O-O Re8 10. Bf3 Qd6 11. g3 Bh3 12. Re1 Rxe1+ 13. Qxe1 Qc5+ 14. Qf2 Qxc2 15. Bxf6 Qc1+ 0-1

[Event "*** Titled Tuesday Blitz"]
[Site "Chess.com"]
[Date "2020.03.03"]
[Round "6"]
[White "kinga2008"]
[Black "Eloist"]
[Result "0-1"]
[WhiteElo "1946"]
[BlackElo "2283"]
[TimeControl "180+1"]
[EndTime "13:58:02 PST"]
[Termination "Eloist won by resignation"]

1. e4 e6 2. d4 d5 3. Nc3 Nf6 4. e5 Nfd7 5. f4 c5 6. Nf3 Nc6 7. Bb5 a6 8. Bxc6 bxc6 9. Be3 cxd4 10. Nxd4 c5 11. Nc6 Qc7 12. Nxd5 exd5 13. Qxd5 Nb6 14. Qe4 Bb7 15. e6 Qxc6 16. exf7+ Kxf7 17. Qf5+ Qf6 18. Qh5+ g6 19. Qe2 Re8 20. O-O Nd5 21. Qf3 Rxe3 0-1

[Event "*** Titled Tuesday Blitz"]
[Site "Chess.com"]
[Date "2020.03.03"]
[Round "6"]
[White "ChainsOfFantasia"]
[Black "vlad_Sid"]
[Result "0-1"]
[WhiteElo "2541"]
[BlackElo "2697"]
[TimeControl "180+1"]
[EndTime "13:58:20 PST"]
[Termination "vlad_Sid won by resignation"]

1. d4 Nf6 2. Nf3 c5 3. d5 b5 4. c3 g6 5. a4 b4 6. g3 Bg7 7. Bg2 d6 8. O-O O-O 9. cxb4 cxb4 10. Re1 a5 11. e4 Nbd7 12. Nbd2 Ba6 13. Bf1 Qc8 14.
Bxa6 Qxa6 15. Nd4 Ne5 16. N2f3 Nxf3+ 17. Qxf3 Nxd5 18. exd5 Bxd4 19. Rxe7 Rae8 20. Re4 Qc4 21. Be3 Qxd5 22. Bxd4 Rxe4 23. Qf6 Qxd4 0-1

[Event "*** Titled Tuesday Blitz"]
[Site "Chess.com"]
[Date "2020.03.03"]
[Round "6"]
[White "bascheyaro"]
[Black "Maikrosoft63"]
[Result "1-0"]
[WhiteElo "2743"]
[BlackElo "2574"]
[TimeControl "180+1"]
[EndTime "13:59:00 PST"]
[Termination "bascheyaro won by resignation"]

1. d4 Nf6 2. Nf3 e6 3. c4 a6 4. Bg5 h6 5. Bh4 b5 6. c5 Bb7 7. e3 d6 8. a4 dxc5 9. axb5 cxd4 10. bxa6 Bb4+ 11. Nbd2 dxe3 12. Qa4+ Nc6 13. fxe3 g5 14. Bb5 gxh4 15. Qxb4 Nd5 16. Qc5 Qf6 17. O-O 1-0

[Event "*** Titled Tuesday Blitz"]
[Site "Chess.com"]
[Date "2020.03.03"]
[Round "6"]
[White "Keithonsky"]
[Black "secretsuperstar7"]
[Result "0-1"]
[WhiteElo "2421"]
[BlackElo "2220"]
[TimeControl "180+1"]
[EndTime "13:59:29 PST"]
[Termination "secretsuperstar7 won by resignation"]

1. d4 Nf6 2. c4 e6 3. Nf3 d5 4. g3 dxc4 5. Bg2 a6 6. O-O Nc6 7. e3 Rb8 8. Qe2 b5 9. Rd1 Be7 10. e4 O-O 11. a4 Bb7 12. Nc3 b4 13. e5 bxc3 14. exf6 c2 15. Qxc2 Bxf6 16. Qxc4 Na5 17. Qc3 c5 18. Bf4 cxd4 19. Nxd4 Rc8 20. Qb4 Bxg2 21. Kxg2 Rc4 22. Nxe6 Qa8+ 0-1

[Event "*** Titled Tuesday Blitz"]
[Site "Chess.com"]
[Date "2020.03.03"]
[Round "6"]
[White "Vyacheslav_N"]
[Black "WeAintSurePal"]
[Result "0-1"]
[WhiteElo "2480"]
[BlackElo "2331"]
[TimeControl "180+1"]
[EndTime "13:59:32 PST"]
[Termination "WeAintSurePal won by checkmate"]

1. e4 c6 2. d4 d5 3. Nd2 dxe4 4. Nxe4 Nf6 5. Nxf6+ exf6 6. c3 Bd6 7. Bd3 O-O 8.
Qc2 Re8+ 9. Ne2 h5 10. Be3 Nd7 11. O-O-O Nb6 12. c4 Bf8 13. Ng3 h4 14. Nf5 Bxf5 15. Bxf5 Nd7 16. Bh7+ Kh8 17. g3 Qa5 18. Kb1 Rad8 19.
gxh4 Qh5 20. Bf5 b5 21. c5 a5 22. Be4 Nb8 23. Rdg1 b4 24. Bd3 a4 25. Qxa4 Bxc5 26.
dxc5 Rxd3 27. Qxb4 Red8 28. Qg4 Rd1+ 29. Bc1 Qxg4 30.
Rxg4 Rxh1 31. b4 Na6 32. Kb2 Rxh2 33. Be3 Rd3 34. a4 Rxe3 35. b5 Rxf2+ 36. Kc1 Re1# 0-1

[Event "*** Titled Tuesday Blitz"]
[Site "Chess.com"]
[Date "2020.03.03"]
[Round "6"]
[White "ChessBitl"]
[Black "gemarin"]
[Result "1-0"]
[WhiteElo "2309"]
[BlackElo "2093"]
[TimeControl "180+1"]
[EndTime "13:59:45 PST"]
[Termination "ChessBitl won by resignation"]

1. e4 c5 2. Nf3 d6 3. d4 cxd4 4. Nxd4 Nf6 5. f3 e5 6. Bb5+ Nbd7 7. Nf5 a6 8. Bxd7+ Qxd7 9. Nc3 h6 10. Be3 g6 11. Ng3 b5 12. Qd2 Bb7 13. O-O-O b4 14. Nce2 d5 15. exd5 Nxd5 16. Kb1 Qe6 17. Ne4 Nxe3 18.
Qxe3 Be7 19. Nc5 Bxc5 20. Qxc5 Qe7 21. Qb6 Kf8 22. Rd6 Kg7 23. Rhd1 Bc8 24. Qxb4 Bf5 25.
Rxg6+ Bxg6 26. Qxe7 Rhe8 27. Qd6 Rac8 28. Rd2 Re6 29. Qd7 Rec6 30. Nc3 1-0

[Event "*** Titled Tuesday Blitz"]
[Site "Chess.com"]
[Date "2020.03.03"]
[Round "6"]
[White "adricalderon8"]
[Black "Shahinyan_ChessMood"]
[Result "0-1"]
[WhiteElo "2429"]
[BlackElo "2620"]
[TimeControl "180+1"]
[EndTime "13:59:50 PST"]
[Termination "Shahinyan_ChessMood won by resignation"]

1. e4 e6 2. d4 d5 3. Nc3 Bb4 4. e5 Ne7 5. a3 Bxc3+ 6. bxc3 c5 7. Qg4 Qc7 8. Qxg7 Rg8 9. Qxh7 cxd4 10. Ne2 dxc3 11.
f4 Nbc6 12. h4 Bd7 13. h5 d4 14. Qd3 O-O-O 15. h6 Be8 16. h7 Rh8 17. g4 f6 18. exf6 Bg6 19. Qf3 Nd5 20. Bg2 Bxc2 21. f5 d3 22. fxe6 Nxf6 23. Qxf6 d2+ 24. Bxd2 cxd2+ 25. Kf1 Rdf8 26. g5 Rxf6+ 27. gxf6 Bd3 28. Bh3 Qf4+ 29. Kg2 Be4+ 30. Kg1 Qe3+ 31. Kf1 Qf3+ 32. Kg1 Qxh1+ 33. Kf2 Qh2+ 34. Ke3 Qxh3+ 35. Kxe4 Qxe6+ 36. Kf3 0-1

[Event "*** Titled Tuesday Blitz"]
[Site "Chess.com"]
[Date "2020.03.03"]
[Round "6"]
[White "Babas"]
[Black "Karacsonyi_Gellert"]
[Result "0-1"]
[WhiteElo "2357"]
[BlackElo "2586"]
[TimeControl "180+1"]
[EndTime "13:59:55 PST"]
[Termination "Karacsonyi_Gellert won on time"]

1. d4 Nf6 2. Nf3 d5 3. c4 e6 4. cxd5 exd5 5. Bg5 Be7 6. Nc3 Nbd7 7. e3 c6 8. Qc2 h6 9. Bh4 O-O 10. Bd3 Re8 11.
O-O Ne4 12. Bxe7 Qxe7 13. Bxe4 dxe4 14. Nd2 Nf6 15. Rab1 Bf5 16. b4 a6 17. Nc4 Qe6 18.
Nb6 Rad8 19. a4 Bh3 20. gxh3 Qxh3 21. f3 exf3 22. Qf2 Ng4 23. Qg3 Qxg3+ 24. hxg3 Rxe3 25. Rbc1 Rde8 26. b5 f2+ 27. Kg2 cxb5 28. axb5 Rd3 0-1

[Event "*** Titled Tuesday Blitz"]
[Site "Chess.com"]
[Date "2020.03.03"]
[Round "6"]
[White "MaxLeto"]
[Black "MiroMiljkovic"]
[Result "0-1"]
[WhiteElo "2402"]
[BlackElo "2569"]
[TimeControl "180+1"]
[EndTime "13:59:59 PST"]
[Termination "MiroMiljkovic won on time"]

1. g4 e5 2. h4 d5 3. g5 Nc6 4.
d3 Bc5 5. Nc3 Nge7 6. Bg2 O-O 7.
e4 Be6 8. exd5 Nxd5 9. Ne4 Bb6 10. Ne2 f5 11. gxf6 Nxf6 12. N2g3 Ng4 13. Bg5 Qd7 14. Rf1 h6 15. Bd2 Qe7 16. h5 Qh4 17. Rh1 Qe7 18. Rf1 Nh2 19. Rh1 Bg4 20. Qc1 Nf3+ 21.
Bxf3 Bxf3 22. Rg1 Qh4 23. Bxh6 Bxe4 24. Nxe4 Bxf2+ 25. Ke2 Qxh5+ 0-1

[Event "*** Titled Tuesday Blitz"]
[Site "Chess.com"]
[Date "2020.03.03"]
[Round "6"]
[White "VALPARAISO37"]
[Black "lelya96"]
[Result "1-0"]
[WhiteElo "2407"]
[BlackElo "2291"]
[TimeControl "180+1"]
[EndTime "14:00:02 PST"]
[Termination "VALPARAISO37 won by resignation"]

1. d4 Nf6 2. c4 e6 3. Nc3 Bb4 4.
a3 Bxc3+ 5. bxc3 d5 6. e3 c5 7.
Bd3 O-O 8. Ne2 Nc6 9. O-O b6 10.
f3 Na5 11. cxd5 exd5 12. Ng3 Re8 13. a4 c4 14. Bc2 Bd7 15. e4 dxe4 16. fxe4 Nb3 17. Bg5 Nxa1 18. Qxa1 Qc7 19. Bxf6 gxf6 20. Nh5 Kh8 21. Nxf6 Re6 22. Qc1 Rxf6 23. Rxf6 Be6 24. e5 Qd8 25. Rh6 Kg7 26. Qf4 Kf8 27. Rxe6 Qd5 28. Qh6+ Kg8 29. Bxh7+ 1-0

[Event "*** Titled Tuesday Blitz"]
[Site "Chess.com"]
[Date "2020.03.03"]
[Round "6"]
[White "xamax2000"]
[Black "ShahMatKanal"]
[Result "0-1"]
[WhiteElo "2659"]
[BlackElo "2520"]
[TimeControl "180+1"]
[EndTime "14:00:08 PST"]
[Termination "ShahMatKanal won by resignation"]

1. c4 e6 2. Nc3 d5 3. d4 Nf6 4. cxd5 exd5 5. Bg5 c6 6. e3 Qb6 7. Qc2 Ne4 8. Nxe4 dxe4 9. O-O-O Be6 10. Qxe4 Qa5 11.
Qe5 Qxa2 12. d5 cxd5 13. Bb5+ Nc6 14. Qc7 Qa1+ 15. Kc2 Bf5+ 16. Bd3 Nb4+ 17. Kd2 Qxb2+ 18. Ke1 Nxd3+ 0-1

[Event "*** Titled Tuesday Blitz"]
[Site "Chess.com"]
[Date "2020.03.03"]
[Round "6"]
[White "ChadBiryani"]
[Black "aa175"]
[Result "1-0"]
[WhiteElo "2449"]
[BlackElo "2258"]
[TimeControl "180+1"]
[EndTime "14:00:11 PST"]
[Termination "ChadBiryani won by resignation"]

1. b4 c6 2. Bb2 Qb6 3. a3 a5 4.
c3 axb4 5. cxb4 c5 6. Nc3 Nf6 7. Na4 Rxa4 8. Qxa4 Na6 9. e3 e6 10. b5 Nc7 11. Rb1 Be7 12. Bc3 O-O 13. Nf3 d5 14. Be2 Bd7 15. Ba5 Qd6 16. Bxc7 Qxc7 17. Qa7 c4 18. O-O e5 19. b6 Qd6 20. Qxb7 Bc6 21.
Qc7 Qxc7 22. bxc7 Bd6 23. Rb6 1-0

[Event "*** Titled Tuesday Blitz"]
[Site "Chess.com"]
[Date "2020.03.03"]
[Round "6"]
[White "TigrVShlyape"]
[Black "moro182"]
[Result "1-0"]
[WhiteElo "2894"]
[BlackElo "2700"]
[TimeControl "180+1"]
[EndTime "14:00:12 PST"]
[Termination "TigrVShlyape won by checkmate"]

1. d4 Nf6 2. Nf3 d5 3. Bf4 c5 4. e3 Nc6 5. Nbd2 e6 6. c3 Bd6 7. Bg3 O-O 8. Bb5 Be7 9. Bd3 c4 10. Bc2 b5 11. a3 a5 12. e4 dxe4 13. Nxe4 Nxe4 14. Bxe4 Bb7 15. h3 f5 16. Bc2 Bf6 17.
O-O Re8 18. Qe2 Qd7 19. a4 b4 20. Rad1 Ne7 21. Ne5 Qd5 22. f3 b3 23. Bb1 Bxe5 24.
dxe5 Qc5+ 25. Bf2 Qc6 26. Rd6 Qc8 27. Rfd1 Nd5 28. Rd4 Ba6 29. Bxf5 Nxc3 30. Bxh7+ Kxh7 31. bxc3 Rb8 32. Rh4+ Kg8 33. Qe4 Rb7 34. Qh7+ Kf8 35. Rf4+ Rf7 36. Qh8+ Ke7 37. Bh4+ Rf6 38. Qxg7# 1-0

[Event "*** Titled Tuesday Blitz"]
[Site "Chess.com"]
[Date "2020.03.03"]
[Round "6"]
[White "Art_Vandelay1980"]
[Black "Ar4uha"]
[Result "1-0"]
[WhiteElo "2767"]
[BlackElo "2580"]
[TimeControl "180+1"]
[EndTime "14:00:18 PST"]
[Termination "Art_Vandelay1980 won by resignation"]

1. e4 e5 2. Nf3 Nc6 3. Bb5 a6 4. Ba4 Nf6 5. O-O Be7 6. d3 b5 7. Bb3 d6 8. a3 O-O 9. Nc3 Bg4 10. Be3 Nd4 11. Bxd4 exd4 12. Nd5 c6 13. Nxe7+ Qxe7 14.
h3 Bxf3 15. Qxf3 Nd7 16. Qg3 Kh8 17. f4 Nc5 18. Ba2 a5 19. Qf2 Qf6 20. g4 h6 21. h4 g6 22. g5 Qg7 23. gxh6 Qxh6 24. Qxd4+ Kg8 25. Qxd6 Qxh4 26. Rf2 Qg3+ 27. Rg2 Qe3+ 28.
Kh2 Kh7 29. Bxf7 1-0

[Event "*** Titled Tuesday Blitz"]
[Site "Chess.com"]
[Date "2020.03.03"]
[Round "6"]
[White "ural58"]
[Black "FearNoEvil12"]
[Result "1-0"]
[WhiteElo "2407"]
[BlackElo "2013"]
[TimeControl "180+1"]
[EndTime "14:00:21 PST"]
[Termination "ural58 won by resignation"]

1. e4 a6 2. d4 b5 3. a4 b4 4. Bc4 e6 5. Ne2 Bb7 6. Ng3 Nf6 7. e5 Nd5 8. O-O h5 9. Nd2 h4 10. Nge4 h3 11. g3 d6 12. Nxd6+ cxd6 13. Ne4 dxe5 14. dxe5 Nd7 15. Qe2 Qc7 16. Nd6+ Bxd6 17.
exd6 Qxd6 18. Rd1 N7f6 19. Bg5 O-O-O 20. c3 Qc6 21. f3 Qc5+ 22. Kh1 Rd7 23. Rac1 b3 24.
Bxb3 Ng4 25. Rd4 f6 26. Rc4 Qxc4 27. Qxc4+ Rc7 28. Qxg4 fxg5 29. Qxe6+ Kb8 30. Bxd5 1-0

[Event "*** Titled Tuesday Blitz"]
[Site "Chess.com"]
[Date "2020.03.03"]
[Round "6"]
[White "Azeryahu"]
[Black "kayrakamer"]
[Result "1-0"]
[WhiteElo "2804"]
[BlackElo "2600"]
[TimeControl "180+1"]
[EndTime "14:00:34 PST"]
[Termination "Azeryahu won by resignation"]

1. Nf3 Nf6 2. g3 g6 3. b3 Bg7 4. Bb2 O-O 5. Bg2 d6 6. O-O c6 7. c4 Qa5 8. d3 Qh5 9. Nbd2 Re8 10. e4 Bg4 11. Qc2 e5 12. c5 d5 13. Rfe1 Nbd7 14. h4 Bf8 15. b4 a5 16. a3 axb4 17.
axb4 Rxa1 18. Bxa1 dxe4 19. dxe4 h6 20. Nh2 Be2 21. Nc4 Bg4 22. Ne3 Ra8 23. Bb2 g5 24.
Nexg4 Nxg4 25. Bf3 f5 26. exf5 Ndf6 27. Nxg4 Nxg4 28.
Qc4+ 1-0

[Event "*** Titled Tuesday Blitz"]
[Site "Chess.com"]
[Date "2020.03.03"]
[Round "6"]
[White "davserr65"]
[Black "AyMitecK"]
[Result "1/2-1/2"]
[WhiteElo "2084"]
[BlackElo "2318"]
[TimeControl "180+1"]
[EndTime "14:00:34 PST"]
[Termination "Game drawn by agreement"]

1. Nf3 Nf6 2. c4 c5 3. g3 d5 4. cxd5 Nxd5 5. Bg2 Nc6 6. d4 e6 7. O-O Bd7 8. Nc3 cxd4 9. Nxd5 exd5 10. Nxd4 Bc5 11.
Nb3 Bb6 12. Qxd5 O-O 13. Bf4 Qc8 14. Rac1 Be6 15. Qh5 Bg4 16. Qb5 Qe6 17. e3 h6 18.
h3 Bxh3 19. Bxh3 Qxh3 20. a4 1/2-1/2

[Event "*** Titled Tuesday Blitz"]
[Site "Chess.com"]
[Date "2020.03.03"]
[Round "6"]
[White "mbojan"]
[Black "AnkitGajwa"]
[Result "1-0"]
[WhiteElo "2676"]
[BlackElo "2495"]
[TimeControl "180+1"]
[EndTime "14:00:38 PST"]
[Termination "mbojan won by resignation"]

1. e4 c5 2. Nf3 d6 3. d4 cxd4 4. Nxd4 Nf6 5. Nc3 Nc6 6. Be2 e5 7. Nf3 h6 8. O-O Be7 9. Re1 Be6 10. Bf1 Nb8 11. Nd5 Nxd5 12. exd5 Bf5 13. c4 O-O 14. a3 a5 15. b3 Nd7 16. Bb2 Qb6 17. Bc3 Rfe8 18. b4 axb4 19. axb4 Rxa1 20. Qxa1 Bh7 21.
Nd2 Nf6 22. c5 dxc5 23. Nc4 Qd8 24. d6 Bxd6 25. Rd1 Ne4 26. Nxd6 Nxd6 27. bxc5 Qc7 28.
cxd6 1-0

[Event "*** Titled Tuesday Blitz"]
[Site "Chess.com"]
[Date "2020.03.03"]
[Round "6"]
[White "MikeSailer"]
[Black "Eliwood44"]
[Result "1/2-1/2"]
[WhiteElo "2121"]
[BlackElo "2301"]
[TimeControl "180+1"]
[EndTime "14:00:49 PST"]
[Termination "Game drawn by agreement"]

1. Nf3 Nf6 2. b4 a5 3. b5 d5 4. a4 Bg4 5. e3 Nbd7 6. Be2 e5 7.
Bb2 Bd6 8. d4 e4 9. Nfd2 h5 10.
c4 c6 11. Nc3 Qe7 12. bxc6 bxc6 13. cxd5 cxd5 14. Nb5 O-O 15. Nxd6 Qxd6 16. Ba3 Qe6 17.
Bxf8 Nxf8 18. Bxg4 hxg4 19. Nb3 Ng6 20. Nc5 Qf5 21.
Rb1 Nh4 22. O-O Nh7 23. Rb6 Ng5 24. Qb1 Ngf3+ 25. Kh1 Nxg2 26. Rb8+ Kh7 27. Rxa8 Nd2 28. Qb8 Nxf1 29. Kxg2 Qf3+ 30. Kxf1 Qd1+ 1/2-1/2

[Event "*** Titled Tuesday Blitz"]
[Site "Chess.com"]
[Date "2020.03.03"]
[Round "6"]
[White "Bryakin_Mikhail"]
[Black "Jbd735"]
[Result "0-1"]
[WhiteElo "2662"]
[BlackElo "2528"]
[TimeControl "180+1"]
[EndTime "14:00:50 PST"]
[Termination "Jbd735 won by checkmate"]

1. d4 d5 2. Nf3 Nf6 3. c4 c6 4.
Nc3 e6 5. Bg5 dxc4 6. e4 b5 7.
e5 h6 8. Bh4 g5 9. Nxg5 hxg5 10. Bxg5 Nbd7 11. exf6 Bb7 12. g3 Qb6 13. Bg2 O-O-O 14.
O-O c5 15. d5 b4 16. Na4 Qa6 17. a3 Bxd5 18. Bxd5 Ne5 19. axb4 Rxd5 20. Qe2 cxb4 21.
Nc3 Qc6 22. Nxd5 Qxd5 23. f3 Nd3 24. Be3 a5 25. b3 Bc5 26. bxc4 Qe5 27. Qxd3 Bxe3+ 28.
Kh1 Qb2 29. h4 Bf4 30. Rxa5 Rxh4+ 31. gxh4 Qh2# 0-1

[Event "*** Titled Tuesday Blitz"]
[Site "Chess.com"]
[Date "2020.03.03"]
[Round "6"]
[White "Mbneu"]
[Black "DonBroca"]
[Result "1-0"]
[WhiteElo "2208"]
[BlackElo "2033"]
[TimeControl "180+1"]
[EndTime "14:00:50 PST"]
[Termination "Mbneu won on time"]

1. d4 Nf6 2. c4 g6 3. Nc3 Bg7 4. e4 d6 5. f4 O-O 6. Nf3 c5 7. d5 e6 8. Be2 exd5 9. cxd5 Bg4 10. O-O a6 11. a4 Ne8 12. h3 Bxf3 13. Bxf3 Nd7 14.
Be3 Nc7 15. a5 Re8 16. Bf2 Rb8 17. Qc2 b5 18. axb6 Rxb6 19. Rfe1 Qb8 20. Na4 Rb4 21.
e5 dxe5 22. Nxc5 Nxc5 23. Qxc5 Rxb2 24. fxe5 Bxe5 25. d6 Qb5 26. Qxb5 Nxb5 27. d7 Rd8 28. Rxe5 1-0